 Dungeon Crawl Stone Soup version 0.18.1-47-g9310371 (webtiles) character file.

210 rftp080 the Ruffian (level 5, 0/45 HPs)
             Began as a Troll Wizard on June 20, 2016.
             Slain by a hound (3 damage)
             ... on level 4 of the Dungeon.
             The game lasted 00:03:38 (1724 turns).

rftp080 the Ruffian (Troll Wizard)                  Turns: 1724, Time: 00:03:39

Health: 0/45       AC:  5    Str: 15    XL:     5   Next: 56%
Magic:  7/7        EV:  9    Int: 15    God:
Gold:   161        SH:  0    Dex:  8    Spells: 3 memorised, 3 levels left

rFire  . . .     SeeInvis .       - Unarmed
rCold  . . .     Gourm    +     a - +0 robe
rNeg   . . .     Faith    .     (no shield)
rPois  .         Spirit   .     b - +0 hat
rElec  .         Dismiss  .     (no cloak)
rCorr  .         Reflect  .     (gloves unavailable)
SustAt .         Harm     .     (boots unavailable)
MR     .....                    (no amulet)
Stlth  +.........               (no ring)
                                (no ring)

@: lethally poisoned (0 -> -4), repel missiles, not resistant to hostile
enchantments, very unstealthy
A: unfitting armour, claws 3, fast metabolism 3, gourmand, regeneration 2,
shaggy fur 1, tough skin 2
a: no special abilities


You were on level 4 of the Dungeon.
You were completely stuffed.

You visited 1 branch of the dungeon, and saw 4 of its levels.

You collected 161 gold pieces.

Inventory:

Armour
 a - a +0 robe (worn)
 b - a +0 hat (worn)
Jewellery
 s - an uncursed amulet of faith {unknown}
Wands
 v - a wand of enslavement (10/24)
Scrolls
 e - 2 scrolls of amnesia
 i - a scroll of fog {unknown}
 j - a scroll of remove curse {unknown}
 p - a scroll of teleportation
 r - a scroll of noise {unknown}
 w - a scroll of immolation {unknown}
 y - a scroll of identify {unknown}
Potions
 f - a potion of flight {unknown}
 k - 3 potions of heal wounds {unknown}
 m - a potion of haste {unknown}
 n - a potion of magic {unknown}
 o - a potion of cancellation {unknown}
 q - 2 potions of cure mutation {unknown}
 t - a potion of curing {unknown}
Books
 c - a book of Minor Magic

   Spells                             Type                      Level
   a - Magic Dart                     Conjuration                  1
   b - Blink                          Translocation                2
   c - Call Imp                       Summoning                    2
   d - Repel Missiles                 Charms/Air                   2
   e - Slow                           Hexes                        2
   f - Conjure Flame                  Conjuration/Fire             3
   g - Mephitic Cloud                 Conjuration/Poison/Air       3
Comestibles
 d - 6 bread rations
 g - a slice of pizza
 h - 3 meat rations
 l - 10 fruits
 u - a beef jerky
 x - a royal jelly
 z - a chunk of flesh


   Skills:
 - Level 1.5 Dodging
 - Level 1.1 Stealth
 + Level 5.4 Unarmed Combat
 - Level 2.0 Spellcasting
 - Level 0.6 Conjurations
   Level 0.6 Summonings
 - Level 0.6 Translocations


You had 3 spell levels left.
You knew the following spells:

 Your Spells              Type           Power        Failure   Level  Hunger
a - Magic Dart            Conj           #...         17%         1    #......
b - Blink                 Tloc           N/A          28%         2    ###....
c - Repel Missiles        Chrm/Air       #.....       34%         2    ###....


Dungeon Overview and Level Annotations

Branches:
Dungeon (4/15)             Temple (0/1) D:4

Altars:
Zin

Shops:
D:3 *


Innate Abilities, Weirdness & Mutations

You are too large for most types of armour.
You have claws for hands.
Your metabolism is lightning-fast.
You like to eat raw meat.
You heal very quickly.
You are covered in fur (AC +1).
You have very tough skin (AC +2).


Message History

You barely miss the hound.
The hound is heavily wounded.
You feel sick. The hound barely misses you.
Unknown command.
You closely miss the hound.
The hound is heavily wounded.
You feel sick. The hound bites you.
* * * LOW HITPOINT WARNING * * *
The hound bites you but does no damage.
You closely miss the hound.
The hound is heavily wounded.
* * * LOW HITPOINT WARNING * * *
You feel sick. The hound bites you.
* * * LOW HITPOINT WARNING * * *
Unknown command.
You barely miss the hound.
The hound is heavily wounded.
* * * LOW HITPOINT WARNING * * *
You feel sick. The hound bites you.
You die...

....# #.......####. #.#.#
##.....## #. ####.#.#
##...## #. #......# ##..##
## .#......# ##...##
.......># ##.....## #
........# ##.......## ##
##..#...####.........####.
........h@.'.........+....
###.#...####.........####.
# ##..# ##.......## #.
##.# ##.....## #. #.#
##...## #. ..# ##+## ##
### #.# ##.#######
#........#


You could see a hound.

Vanquished Creatures
  A scorpion (D:4)
  Terence (D:3)
  A worker ant (D:4)
  5 adders
  A worm (D:2)
  3 dart slugs
  2 giant geckos
  An orc (D:2)
  4 giant cockroaches (D:1)
  8 hobgoblins
  9 kobolds
  A quokka (D:3)
  A ball python (D:2)
  5 bats
  6 giant newts
  2 goblins (D:2)
  9 rats
60 creatures vanquished.

Notes
Turn   | Place    | Note
--------------------------------------------------------------
     0 | D:1      | rftp080 the Troll Wizard began the quest for the Orb.
     0 | D:1      | Reached XP level 1. HP: 16/16 MP: 2/2
    28 | D:1      | Reached skill level 1 in Unarmed Combat
   105 | D:1      | Reached XP level 2. HP: 24/24 MP: 4/4
   184 | D:1      | Reached skill level 2 in Unarmed Combat
   326 | D:1      | Reached XP level 3. HP: 17/31 MP: 5/5
   521 | D:2      | Reached skill level 3 in Unarmed Combat
   774 | D:2      | Reached XP level 4. HP: 37/39 MP: 6/6
  1143 | D:2      | Learned a level 2 spell: Blink
  1146 | D:2      | Learned a level 2 spell: Repel Missiles
  1186 | D:3      | Noticed Terence
  1192 | D:3      | Killed Terence
  1192 | D:3      | Reached skill level 4 in Unarmed Combat
  1272 | D:3      | Found Zin's Purification Station.
  1275 | D:3      | Found a glowing silver altar of Zin.
  1598 | D:3      | Reached XP level 5. HP: 44/45 MP: 7/7
  1609 | D:4      | Found a staircase to the Ecumenical Temple.
  1714 | D:4      | Reached skill level 5 in Unarmed Combat
  1724 | D:4      | Slain by a hound

Skill      XL: |  1  2  3  4  5 |
---------------+----------------+-----
Unarmed Combat | 1 2 3 4 5 |  5.4
Dodging        | |  1.5
Stealth        | |  1.1
Spellcasting   | |  2.0
Conjurations   | |  0.6
Summonings     | |  0.6
Translocations | |  0.6

Action                   |  1- 3 |  4- 6 || total
-------------------------+-------+-------++-------
Melee: Unarmed           |   125 |    91 ||   216
 Cast: Repel Missiles    |       |     2 ||     2
  Use: Potion            |     1 |       ||     1
       Scroll            |       |     4 ||     4
 Stab: Sleeping          |       |     1 ||     1
  Eat: Chunk             |     8 |    14 ||    22
Armor: Robe              |    45 |    23 ||    68
       Skin              |     2 |       ||     2
Dodge: Dodged            |    50 |    30 ||    80
       Deflected         |       |     1 ||     1
